 Dungeon Crawl Stone Soup version 0.28-a0-793-g31680bbd8b (webtiles) character file.

Game seed: 403319473630266657

1260 sanka the Cleaver (level 8, -1/67 HPs)
             Began as a Palentonga Cinder Acolyte on Nov 4, 2021.
             Was a Priest of Ignis.
             Succumbed to a kobold's poison
             ... on level 6 of the Dungeon.
             The game lasted 00:10:48 (7274 turns).

sanka the Cleaver (Palentonga Cinder Acolyte)       Turns: 7274, Time: 00:10:48

Health: -1/67      AC:  5    Str: 17    XL:     8   Next: 27%
Magic:  6/9        EV:  9    Int: 16    God:    Ignis [***...]
Gold:   188        SH:  0    Dex:  7    Spells: 9/9 levels left

rFire   + + .      SeeInvis +   a - -1 hand axe (flame)
rCold   + . .      Faith    .   (no shield)
rNeg    . . .      Spirit   +   b - +0 robe
rPois   .          Reflect  .   s - +0 helmet
rElec   .          Harm     .   (no cloak)
rCorr   .          Rampage  .   (no gloves)
Will    .....                   (no barding)
Stlth   +.........              d - amulet of guardian spirit
HPRegen 0.21/turn               p - ring of protection from fire
MPRegen 0.11/turn               k - ring of protection from cold

@: lethally poisoned (-1 -> -8)
A: large, rugged brown scales 3, see invisible, deformed body, roll 1, armoured
tail, reflexive curl
a: Rolling Charge, Renounce Religion, Sea of Fire, Foxfire Swarm, Rising Flame


You were on level 6 of the Dungeon.
You worshipped Ignis.
Ignis was most pleased with you.
You visited 1 branch of the dungeon, and saw 6 of its levels.

You collected 188 gold pieces.


Innate Abilities, Weirdness & Mutations

You are completely covered in rugged brown scales. (AC +3, +7% HP)
You have supernaturally acute eyesight. (SInv)
Armour fits poorly on your strangely shaped body.
You can roll at nearby foes to attack.
You have a long armoured tail.
You curl defensively after being hit. (AC +7*)


   Skills:
 + Level 5.6 Fighting
 + Level 9.3 Axes
 - Level 1.0 Spellcasting
 - Level 2.4 Fire Magic


You had 9 spell levels left.
You didn't know any spells.
Your spell library contained the following spells:

 Spells                   Type           Power      Damage    Failure   Level
 Scorch                   Fire           16%        2d5       13%         2
 Ensorcelled Hibernation  Hex/Ice        0%         N/A       34%         2
 Tukima's Dance           Hex            0%         N/A       56%         3
 Freezing Cloud           Conj/Ice/Air   0%         6-21      99%         5
 Simulacrum               Ice/Necr       0%         N/A       100%        6
 Polar Vortex             Ice            0%         N/A       100%        9

Inventory:

Hand Weapons
 a - a -1 hand axe of flaming (weapon)
Missiles
 j - 22 poisoned darts
Armour
 b - a +0 robe (worn)
 s - a +0 helmet (worn)
Jewellery
 d - an amulet of guardian spirit (around neck)
 k - a ring of protection from cold (right hand)
 p - a ring of protection from fire (left hand)
 q - an amulet of faith
Wands
 e - a wand of acid (8)
 l - a wand of paralysis (3)
Scrolls
 g - 2 scrolls of enchant weapon
 i - 3 scrolls of amnesia
 n - a scroll of brand weapon
 o - a scroll of vulnerability {!r}
 r - a scroll of blinking {unknown}
Potions
 c - a potion of resistance {unknown}
 f - a potion of attraction {unknown}
 h - a potion of haste {unknown}
 m - 2 potions of curing {@q1}

Dungeon Overview and Level Annotations

Branches:
Dungeon (6/15)
 Temple: D:4-7

Altars:
Elyvilon
Gozag
Hepliaklqana
Nemelex Xobeh
Okawaru
Ru
Sif Muna
Vehumet
Xom
The Shining One

......▒.....▒
▒.....▒
▒▒.▒▒▒..▒▒▒.▒
▒.....▒▒▒▒
.........▒▒.▒▒
.........
▒▒.▒▒▒▒▒.▒▒..▒
▒.......▒ ..▒
.▒▒▒.▒▒▒K.......
▒▒ .▒
▒..▒▒K▒▒..... .▒
▒▒.▒▒K▒ .... .▒
▒.▒▒.▒▒.....
▒..▒H...▒
▒.▒▒▒▒▒.▒.▒▒.▒.▒
▒..............▒
▒▒▒▒▒▒....▒▒.▒▒▒
..........▒ ..
..........▒ ..▒
........▒.▒ .▒
............+ .
.......▒▒.▒▒▒


You could see a kobold brigand and 2 kobolds.


Message History

Unknown command.
You closely miss the kobold.
You hear the rusting of a very distant drain.
* * * LOW HITPOINT WARNING * * *
You feel very sick.
The kobold hits you with a +4 short sword.
* * * LOW HITPOINT WARNING * * *
Unknown command.
You barely miss the kobold.
* * * LOW HITPOINT WARNING * * *
You feel very sick.
Unknown command.
You hit the kobold but do no damage.
Your tail-slap misses the kobold.
* * * LOW HITPOINT WARNING * * *
You feel very sick. The kobold hits you but does no damage.
Unknown command.
You hit the kobold but do no damage.
* * * LOW HITPOINT WARNING * * *
You feel very sick. The kobold barely misses you.
Unknown command.
You barely miss the kobold.
* * * LOW HITPOINT WARNING * * *
You feel sick. The kobold hits you but does no damage.
* * * LOW HITPOINT WARNING * * *
You feel very sick.
You die...

Action                   |  1- 3 |  4- 6 |  7- 9 || total
-------------------------+-------+-------+-------++-------
Melee: Hand axe          |    98 |    99 |   179 ||   376
       Tailslap          |     6 |     7 |    21 ||    34
Invok: Foxfire Swarm     |       |     4 |     1 ||     5
 Abil: Rolling Charge    |       |       |     2 ||     2
  Use: Scroll            |       |       |     5 ||     5
Armor: Robe              |    34 |    24 |    43 ||   101
Dodge: Dodged            |    47 |    29 |    67 ||   143

Levels and vault maps discovered:
D:1:      denvon_arrival_waterhouse, layout_basic, nrook_mini_backslash,
          minmay_tripent
D:2:      layout_rooms, chequers_big_river
D:3:      layout_basic, minitemple, uniq_ijyb, uniq_grinder
D:4:      layout_rooms, uniq_edmund
D:5:      layout_cave_pools, grunt_gozag_breadcrumbs, serial_column_ruins,
          column_ruins_hut, column_ruins_corridor_corner, column_ruins_grid_1,
          column_ruins_open_small, column_ruins_grid_3, column_ruins_grid_1,
          uniq_menkaure
D:6:      layout_basic, hangedman_ru_absence, temple_fountains,
          portal_sewer_entry_d, serial_shops, shop

Notes
Turn   | Place    | Note
-------+----------+-------------------------------------------
     0 | D:1      | sanka the Palentonga Cinder Acolyte began the quest for the
                  | Orb.
     0 | D:1      | Reached XP level 1. HP: 19/19 MP: 2/2
   378 | D:1      | Reached XP level 2. HP: 25/25 MP: 3/3
   698 | D:1      | Reached skill level 4 in Axes
  1189 | D:2      | Reached XP level 3. HP: 27/31 MP: 4/4
  1651 | D:2      | Reached XP level 4. HP: 14/37 MP: 2/5
  1690 | D:2      | Reached skill level 5 in Axes
  2118 | D:3      | Noticed Ijyb
  2135 | D:3      | Paralysed by Ijyb for 3 turns
  2139 | D:3      | Killed Ijyb
  2396 | D:3      | Noticed Grinder
  2435 | D:3      | Paralysed by Grinder for 3 turns
  2439 | D:3      | Killed Grinder
  2440 | D:3      | Reached skill level 7 in Axes
  2440 | D:3      | Reached XP level 5. HP: 18/43 MP: 3/6
  2440 | D:3      | Reached XP level 6. HP: 21/50 MP: 3/7
  3037 | D:3      | Found a sparkling altar of Nemelex Xobeh.
  3042 | D:3      | Found an iron altar of Okawaru.
  3048 | D:3      | Found a glowing golden altar of the Shining One.
  3048 | D:3      | Found a hazy altar of Hepliaklqana.
  3048 | D:3      | Found a shimmering altar of Xom.
  3049 | D:3      | Found a white marble altar of Elyvilon.
  3052 | D:3      | Found a radiant altar of Vehumet.
  3053 | D:3      | Found a shimmering blue altar of Sif Muna.
  3624 | D:4      | HP: 5/50 [iguana (7)]
  3637 | D:3      | HP: 5/50 [orc (1)]
  4417 | D:4      | Noticed Edmund
  4425 | D:4      | Killed Edmund
  4426 | D:4      | Reached skill level 8 in Axes
  4426 | D:4      | Gained mutation: You curl defensively after being hit. (AC
                  | +7*) [Palentonga growth]
  4426 | D:4      | Reached XP level 7. HP: 41/55 MP: 5/8
  5276 | D:5      | Entered Level 5 of the Dungeon
  5486 | D:5      | Found an opulent altar of Gozag.
  5504 | D:5      | Reached skill level 4 in Fighting
  5755 | D:5      | Noticed Menkaure
  5773 | D:5      | Killed Menkaure
  6222 | D:5      | HP: 2/58 [ogre (27)]
  6227 | D:5      | Reached skill level 5 in Fighting
  6227 | D:5      | Reached skill level 9 in Axes
  6227 | D:5      | Reached XP level 8. HP: 3/66 MP: 2/9
  7210 | D:6      | Found a sacrificial altar of Ru.
  7271 | D:6      | HP: 6/67 [poisoned by a kobold]
  7273 | D:6      | HP: 1/67 [poisoned by a kobold]
  7274 | D:6      | Succumbed to a kobold's poison

Vanquished Creatures
  Grinder (D:3)
  Edmund (D:4)
  Menkaure (D:5)
  A black bear (D:5)
  A necrophage (D:4)
  An ogre (D:5)
  A bullfrog (D:6)
  A bullfrog zombie (D:5)
  3 orc priests
  A hound (D:5)
  3 bullfrog skeletons
  3 iguanas
  Ijyb (D:3)
  An orc wizard (D:3)
  A hound skeleton (D:5)
  3 adders
  2 worms
  5 dart slugs
  10 orcs
  8 ball pythons
  10 endoplasms
  5 giant cockroaches
  9 goblins
  2 hobgoblins
  4 kobolds
  5 quokkas
  A bat (D:2)
  3 frilled lizards
  3 rats
91 creatures vanquished.

Vanquished Creatures (others)
  69 foxfires
  2 plants (D:2)
71 creatures vanquished.

Grand Total: 162 creatures vanquished
